 Dungeon Crawl Stone Soup version 0.32-a0-975-g85d4e5bfdb (webtiles) character file.

Game seed: 9222707064844270554

35 Sabo the Charlatan (level 3, -1/20 HPs)
             Began as a Kobold Artificer on Apr 19, 2024.
             Slain by a ribbon worm (7 damage)
             ... on level 2 of the Dungeon.
             The game lasted 00:10:55 (1886 turns).

Sabo the Charlatan (Kobold Artificer)               Turns: 1886, Time: 00:10:56

Health: -1/20      AC: 10    Str: 11    XL:     3   Next: 55%
Magic:  3/3        EV:  3    Int: 12    God:
Gold:   73         SH:  0    Dex: 15    Spells: 2/2 levels left

rFire   + . .        h - +0 mace
rCold   . . .        (no shield)
rNeg    . . .        k - +1 chain mail {rF+}
rPois   .            (no helmet)
rElec   .            (no cloak)
rCorr   .            (no gloves)
SInv    .            a - +0 pair of boots
Will    .....        (no amulet) Stlth
                     b - ring of flight
HPRegen 0.23/turn    (no ring)
MPRegen 0.08/turn

%: no passive effects
@: flying, held
A: small, no large weapons, nightstalker 3
a: no special abilities


You were on level 2 of the Dungeon.
You visited 1 branch of the dungeon, and saw 2 of its levels.

You collected 73 gold pieces.

Inventory:

Hand Weapons
 h - a +0 mace (weapon)
Armour
 a - a +0 pair of boots (worn)
 k - a +1 chain mail of fire resistance (worn)
Jewellery
 b - a ring of flight (left hand)
 l - a ring of positive energy
Wands
 c - a wand of flame (15) (quivered)
 d - a wand of charming (15)
 e - a wand of iceblast (5)
Scrolls
 f - a scroll of enchant weapon {unknown}
 j - a scroll of fog
Potions
 g - a potion of resistance
 i - a potion of might {unknown}


   Skills:
 + Level 1.2 Fighting
 + Level 1.0 Short Blades
 + Level 1.0 Armour
 + Level 3.0 Dodging
 + Level 1.3 Stealth
 + Level 4.5 Evocations


You had 2 spell levels left.
You didn't know any spells.
Your spell library was empty.

Dungeon Overview and Level Annotations

Branches:
Dungeon (2/15)

Altars:


Innate Abilities, Weirdness & Mutations

You are small and have problems with some larger weapons.
You are completely attuned to the shadows.


Message History

A jackal comes into view.
The jackal barely misses you. x2
The ribbon worm expels a string of sticky webbing.
The stream of webbing hits you but does no damage.
You are caught in a web!
The jackal bites you but does no damage. x2
The web tears apart.
The jackal barely misses you.
The jackal bites you but does no damage. x2
The ribbon worm bites you.
The jackal bites you but does no damage.
The jackal attacks as it pursues you!
The jackal bites you but does no damage. x2
The jackal attacks as it pursues you!
The jackal bites you but does no damage.
The jackal bites you.
The jackal bites you but does no damage.
You hit the jackal.
You kill the jackal!
The jackal bites you.
The jackal bites you but does no damage. x2
The jackal barely misses you.
Found a stone staircase leading up.
The jackal attacks as it pursues you! The jackal bites you.
The jackal bites you but does no damage. x2
You hit the ribbon worm.
The ribbon worm is moderately wounded.
The jackal bites you but does no damage.
The jackal bites you.
* * * LOW HITPOINT WARNING * * *
The ribbon worm barely misses you. The jackal closely misses you.
You barely miss the ribbon worm.
The ribbon worm is lightly wounded.
The jackal bites you but does no damage.
The jackal closely misses you.
The ribbon worm expels a string of sticky webbing.
The stream of webbing hits you but does no damage.
You are caught in a web!
The jackal bites you but does no damage. x2
The ribbon worm bites you!
You die...

.....<............##
#...###............#
#.#.# #.#####.##...#
#.#.# #.#.....##...#
..#.# #.#####.##...#
# .##.# #.#
#.##...##.# #
#.###.#####.##h...$.#
#
#...........##hh.....
#####.########@w.....
#.# ##.###.# #.# #.#
.# #######.# #..
........# <##
#########


You could see a ribbon worm (catching breath) and 3 jackals.

Vanquished Creatures
  A dart slug (D:1)
  A ball python (D:1)
  3 endoplasms
  A giant cockroach (D:2)
  6 goblins
  5 hobgoblins (D:1)
  A jackal (D:2)
  2 quokkas
  2 bats
  2 frilled lizards (D:1)
  2 kobolds (D:1)
  2 rats (D:1)
28 creatures vanquished.

Notes
Turn   | Place    | Note
-------+----------+-------------------------------------------
     0 | D:1      | Sabo the Kobold Artificer began the quest for the Orb.
     0 | D:1      | Reached XP level 1. HP: 12/12 MP: 1/1
   286 | D:1      | Reached skill level 4 in Evocations
   286 | D:1      | Reached XP level 2. HP: 3/16 MP: 2/2
  1057 | D:1      | Reached XP level 3. HP: 20/20 MP: 3/3
  1661 | D:2      | Reached skill level 1 in Short Blades
  1716 | D:2      | Reached skill level 1 in Armour
  1886 | D:2      | Slain by a ribbon worm

Illustrated notes

Levels and vault maps discovered:
D:1:      evilmike_arrival_rings, layout_basic, serial_bayou_pond_c
D:2:      layout_basic

Skill      XL: |  1  2  3 |
---------------+----------+-----
Evocations     | 4 |  4.5
Dodging        | 3 |  3.0
Short Blades   | 1 |  1.0
Armour         | 1 |  1.0
Fighting       | |  1.2
Stealth        | |  1.3

Action                     || total
---------------------------++-------
  Melee: Dagger            ||    83
         Mace              ||    21
         Short sword       ||     9
    Use: Scroll            ||     1
         Potion            ||     1
 Armour: Chain mail        ||   111
  Dodge: Dodged            ||    45

Table legend: (Time is in decaauts)
 A = Elapsed time spent in this place.
 B = Non-inter-level travel time spent in this place.
 C = Inter-level travel time spent in this place.
 D = Time resting spent in this place.
 E = Time spent auto-exploring this place.
 F = Levels seen in this place.
 G = Mean time per level.
                   A        B        C        D        E       F      G
               +--------+--------+--------+--------+--------+-----+--------+
         Total |   1891 |   1891 |      0 |    209 |      0 |   2 |  945.5 |
       Dungeon |   1891 |   1891 |      0 |    209 |      0 |   2 |  945.5 |
               +--------+--------+--------+--------+--------+-----+--------+

Top non-repeatable levels by time:
     D:1: 1590 daAuts
     D:2: 300 daAuts
